 Dungeon Sprint DCSS version 0.28-a0-511-gcc94558de3 (webtiles) character file.

Game seed: 10012278177931684813

158 SkeletonJelly the Ducker (level 5, -3/35 HPs)
             Began as a Djinni Air Elementalist on Sept 22, 2021.
             Was a Follower of Makhleb.
             Slain by a yak (15 damage)
             ... in the Dungeon (Sprint IX: "|||||||||||||||||||||||||||||").
             The game lasted 00:04:00 (515 turns).

SkeletonJelly the Ducker (Djinni Air Elementalist)   Turns: 515, Time: 00:04:00

Health: -3/35      AC:  6    Str:  7    XL:     5   Next: 66%
Gold:   0          EV: 15    Int: 20    God:    Makhleb [*.....] SH:  0 Dex: 14

rFire   + + .      SeeInvis .   (no weapon)
rCold   x . .      Faith    .   (no shield)
rNeg    . . .      Spirit   .   a - +0 robe
rPois   ∞          Reflect  .   (no helmet)
rElec   .          Harm     .   p - +0 cloak
rCorr   .          Rampage  .   q - +0 pair of gloves
Will    .....      NoTele   +   (boots unavailable)
Stlth   ++........              (no amulet)
HPRegen 0.11/turn               s - +3 ring of intelligence
MPRegen 0.00/turn               r - +2 ring of protection

@: sluggish, flying, very slow
A: sickness immunity, fire resistance 2, cold vulnerability 1, float, innate
caster, hp casting, extra vitality 1
a: Renounce Religion


You were in the Dungeon.
You worshipped Makhleb.
Makhleb was aware of your devotion.
You visited 1 branch

Inventory:

Hand Weapons
 b - a +0 hand axe of pain
 j - a +1 broad axe of freezing
 k - a +2 dire flail of protection
 l - a +2 halberd of venom
 m - a +0 lajatang
 n - a +2 rapier of venom
 o - a +2 scimitar of holy wrath
Armour
 a - a +0 robe (worn)
 p - a +0 cloak (worn)
 q - a +0 pair of gloves (worn)
Jewellery
 r - a +2 ring of protection (right hand)
 s - a +3 ring of intelligence (left hand)
Wands
 i - a wand of iceblast (10)
Scrolls
 f - 2 scrolls of blinking
Potions
 c - 3 potions of heal wounds
 d - a potion of haste
 e - a potion of berserk rage
 g - a potion of invisibility
 h - 4 potions of curing


   Skills:
 + Level 7.8 Dodging
 - Level 1.5 Stealth
 + Level 5.8 Spellcasting
 + Level 3.4 Invocations


You had 2 spell levels left.
You knew the following spells:

 Your Spells              Type           Power      Damage    Failure   Level
a - Shock                 Conj/Air       100%       1d9       1%          1
b - Slow                  Hex            29%        N/A       1%          2
q - Airstrike             Air            14%        N/A       10%         4
s - Static Discharge      Conj/Air       29%        N/A       1%          2
F - Foxfire               Conj/Fire      100%       2x1d9     1%          1
S - Swiftness             Air            29%        N/A       3%          3
Your spell library was empty.

Dungeon Overview and Level Annotations

Branches:
Dungeon (1/1)

Altars:
Cheibriados
Dithmenos
Elyvilon
Fedhas
Gozag
Hepliaklqana
Kikubaaqudgha
Makhleb
Nemelex Xobeh
Okawaru
Qazlal
Ru
Sif Muna
Trog
Uskayaw
Vehumet
Wu Jian
Xom
Yredelemnul
Zin
The Shining One
Beogh
Jiyva
Lugonu


Innate Abilities, Weirdness & Mutations

You are immune to sickness and miasma.
You are immune to poison.
Your flesh is very heat resistant. (rF++)
You are vulnerable to cold. (rC-)
You float through the air rather than walking.
You learn spells naturally, not from books.
Your magical power is your life essence.
You have superior vitality. (+4 HP)


Message History

The centaur is severely wounded.
The lightning grounds out.
The centaur hits you but does no damage.
The centaur completely misses you. The centaur closely misses you.
The centaur kicks you but does no damage.
You take 2 damage, and have 23/31 hp.
Casting: Static Discharge (safe; 2% risk of failure)
Confirm with . or Enter, or press ? or * to list all spells.
The centaur is struck by an arc of lightning.
The centaur is almost dead.
The jackal zombie is struck by an arc of lightning!
You destroy the jackal zombie!
Makhleb accepts your kill.
The lightning grounds out.
The centaur completely misses you.
The centaur kicks you but does no damage.
You take 2 damage, and have 21/31 hp.
Casting: Static Discharge (safe; 2% risk of failure)
Confirm with . or Enter, or press ? or * to list all spells.
The centaur is struck by an arc of lightning!
You kill the centaur!
Makhleb accepts your kill.
You are struck by an arc of lightning.
Your Dodging skill increases to level 7!
Your Invocations skill gained 3 levels and is now at level 3!
You have reached level 5!
The power to cast Slow wells up from within.
Spell assigned to 'b'.
You reach down and close the door, pushing everything out of the way.
You start resting.
HP restored.
Health restored: 35 You reach down and open the door.
Casting: Static Discharge (safe; 1% risk of failure)
Confirm with . or Enter, or press ? or * to list all spells.
Aiming: Shock (safe; 1% risk of failure)
Press: ? - help, Shift-Dir - straight line, f - yak
Aim: a yak (wandering, hasn't noticed you, 84% to hit)
The zap hits the yak.
The yak is lightly wounded.
The yak bellows!
The zap misses the adder zombie.
The zap misses the wraith.
The zap hits the ball python zombie.
The ball python zombie is severely damaged.
You take 1 damage, and have 34/35 hp.
Casting: Shock (safe; 1% risk of failure)
Confirm with . or Enter, or press ? or * to list all spells.
Aiming: Shock (safe; 1% risk of failure)
Press: ? - help, Shift-Dir - straight line, f/p - yak
Aim: a yak (lightly wounded, 84% to hit)
The zap hits the yak.
The yak is lightly wounded.
The zap hits the adder zombie.
The adder zombie is moderately damaged.
The zap hits the wraith.
The wraith is lightly damaged.
The zap hits the ball python zombie!
You destroy the ball python zombie!
Makhleb accepts your kill.
You can now gain health from killing.
The yak gores you!
You take 11 damage, and have 23/35 hp.
MASSIVE DAMAGE!!
Casting: Shock (safe; 1% risk of failure)
Confirm with . or Enter, or press ? or * to list all spells.
Aiming: Shock (safe; 1% risk of failure)
Press: ? - help, Shift-Dir - straight line, f/p - yak
Aim: a yak (lightly wounded, 84% to hit)
The zap misses the yak.
The zap misses the adder zombie.
The zap hits the wraith.
The wraith is moderately damaged.
The yak gores you but does no damage.
You take 1 damage, and have 22/35 hp.
Casting: Shock (safe; 1% risk of failure)
Confirm with . or Enter, or press ? or * to list all spells.
You feel quick. The yak gores you!
* * * LOW HITPOINT WARNING * * *
You take 13 damage, and have 9/35 hp.
MASSIVE DAMAGE!!
You see here a +1 chain mail.
You see here 2 scrolls of amnesia.
You see here 2 potions of magic.
There is an open door here.
There is a glowing golden altar of the Shining One here.
You reach down and close the door.
You start resting.
You start to feel a little slower.
You reach down and open the door.
Unknown command.
Press < or > to pray at altars.
There is a glowing silver altar of Zin here.
There is a basalt altar of Yredelemnul here.
There is a shimmering altar of Xom here.
There is an ornate altar of the Wu Jian Council here.
You feel sluggish.
There is a radiant altar of Vehumet here.
There is a hide-covered altar of Uskayaw here.
There is a bloodstained altar of Trog here.
There is a shimmering blue altar of Sif Muna here.
There is a sacrificial altar of Ru here.
The yak closely misses you.
There is a stormy altar of Qazlal here.
The yak gores you!
You die... ▓▓▓▓▓▓▓▓▓▓▓▓▓▓▓▓▓▓▓▓▓▓▓▓▓▓▓▓▓▓▓▓▓ ...'____________@Y_WZ_______'!?.. ▓▓▓▓▓▓▓▓▓▓▓▓▓▓▓▓▓▓▓▓▓▓▓▓▓▓▓▓▓▓▓▓▓

You could see a yak, a wraith and an adder zombie.

Vanquished Creatures
  A centaur (D)
  A jelly (D)
  An orc priest (D)
  An adder (D)
  An adder zombie (D)
  A bat zombie (D)
  An endoplasm (D)
  A kobold (D)
  A ball python zombie (D)
  3 frilled lizards (D)
  A jackal zombie (D)
13 creatures vanquished.

Notes
Turn   | Place    | Note
-------+----------+-------------------------------------------
     0 | D        | SkeletonJelly the Djinni Air Elementalist began the quest
                  | for the Orb.
     0 | D        | Reached XP level 1. HP: 15/15 MP: 0/0
     6 | D        | Reached skill level 3 in Dodging
    86 | D        | Noticed an orc priest
    86 | D        | Noticed a jelly
    90 | D        | Killed an orc priest
    91 | D        | Reached skill level 5 in Dodging
    91 | D        | Reached XP level 2. HP: 3/21 MP: 0/0
    91 | D        | Reached XP level 3. HP: 4/25 MP: 0/0
    91 | D        | Learned a level 1 spell: Foxfire
    98 | D        | Reached skill level 6 in Dodging
    98 | D        | Reached XP level 4. HP: 10/31 MP: 0/0
   101 | D        | Reached skill level 5 in Spellcasting
   119 | D        | Found a snail-covered altar of Cheibriados.
   119 | D        | Found a shadowy altar of Dithmenos.
   119 | D        | Found a white marble altar of Elyvilon.
   119 | D        | Found a blossoming altar of Fedhas.
   119 | D        | Found an opulent altar of Gozag.
   120 | D        | Found a hazy altar of Hepliaklqana.
   121 | D        | Found a viscous altar of Jiyva.
   123 | D        | Found a corrupted altar of Lugonu.
   124 | D        | Found a burning altar of Makhleb.
   125 | D        | Found a sparkling altar of Nemelex Xobeh.
   126 | D        | Found an iron altar of Okawaru.
   127 | D        | Found a stormy altar of Qazlal.
   128 | D        | Found a sacrificial altar of Ru.
   130 | D        | Found a bloodstained altar of Trog.
   131 | D        | Found a hide-covered altar of Uskayaw.
   134 | D        | Became a worshipper of Makhleb the Destroyer
   136 | D        | Found an ornate altar of the Wu Jian Council.
   137 | D        | Found a shimmering altar of Xom.
   138 | D        | Found a basalt altar of Yredelemnul.
   139 | D        | Found a glowing silver altar of Zin.
   140 | D        | Found a glowing golden altar of the Shining One.
   350 | D        | Noticed a centaur
   350 | D        | Noticed a yak
   350 | D        | Noticed a wraith
   355 | D        | Killed a centaur
   356 | D        | Reached skill level 7 in Dodging
   356 | D        | Reached XP level 5. HP: 21/35 MP: 0/0
   356 | D        | Learned a level 2 spell: Slow
   486 | D        | Reached * piety under Makhleb
   515 | D        | Slain by a yak

Illustrated notes

Levels and vault maps discovered:
D:        linesprint [early_d, line_temple, items_1, d_10, items_2, lair_1,
          lair_end, items_3, orc_1, orc_end, items_4, d_15, swamp_1, shoals_1,
          snake_1, spider_1, d_20, vaults_1, items_5, swamp_end, shoals_end,
          snake_end, spider_end, vaults_end, d_27, items_6, zot_1, zot_end,
          crypt_end, forest_end, elf_end, slime_end, tomb_end, abyss_end,
          pan_hell_end]

Skill      XL: |  1  2  3  4 |
---------------+-------------+-----
Dodging        | 5 6 7 |  7.8
Spellcasting   | 4 5 |  5.8
Invocations    | 3 |  3.4
Stealth        | |  1.5

Action                   |  1- 3 |  4- 6 || total
-------------------------+-------+-------++-------
 Cast: Shock             |     9 |     7 ||    16
       Static Discharge  |       |     4 ||     4
       Swiftness         |       |     1 ||     1
  Use: Potion            |     1 |       ||     1
Armor: Robe              |       |     5 ||     5
Dodge: Dodged            |     5 |     5 ||    10

Table legend: (Time is in decaauts)
 A = Elapsed time spent in this place.
 B = Non-inter-level travel time spent in this place.
 C = Inter-level travel time spent in this place.
 D = Time resting spent in this place.
 E = Time spent auto-exploring this place.
 F = Levels seen in this place.
 G = Mean time per level.
                   A        B        C        D        E       F      G
               +--------+--------+--------+--------+--------+-----+--------+
         Total |    512 |    512 |      0 |    294 |     75 |   1 |  512.0 |
       Dungeon |    512 |    512 |      0 |    294 |     75 |   1 |  512.0 |
               +--------+--------+--------+--------+--------+-----+--------+

Top non-repeatable levels by time:
       D: 512 daAuts
